NYP
ABERDEEN IRONBIRDS @ STATEN ISLAND YANKEES
09/08/2045
 
TOP OF THE 1ST
Aberdeen Ironbirds batting - Pitching for Staten Island Yankees : RHP Bill Setzer
Pitching: RHP Bill Setzer
Batting: RHB Mario Luna 0-0: SINGLE (Groundball, 6MD, EV 99.4 MPH)
Batting: LHB Rodolfo Montes 0-0: Called Strike
0-1: Called Strike
0-2: Strikes out swinging
Batting: LHB Justin Moore 0-0: Called Strike
0-1: Swinging Strike
0-2: Strikes out swinging
Batting: LHB Antonio Cantu 0-0: Fielders Choice at 2nd, U6 (Groundball, 6M, EV 84.4 MPH)
Top of the 1st over - 0 runs, 1 hit, 0 errors, 1 left on base; Aberdeen 0 - Staten Island 0
BOTTOM OF THE 1ST
Staten Island Yankees batting - Pitching for Aberdeen Ironbirds : LHP Luis Perez
Pitching: LHP Luis Perez
Batting: RHB Phil Corliss 0-0: Called Strike
0-1: Foul Ball, location: 2F
0-2: Ball
1-2: Strikes out looking
Batting: RHB Seth Rutz 0-0: Called Strike
0-1: Ball
1-1: Ball
2-1: Foul Ball, location: 2F
2-2: Foul Ball, location: 2F
2-2: Ground out 5-3 (Groundball, 5S, EV 81.9 MPH)
Batting: RHB John Sabean 0-0: Fly out, F7 (Flyball, 7, EV 96.9 MPH)
Bottom of the 1st over - 0 runs, 0 hits, 0 errors, 0 left on base; Aberdeen 0 - Staten Island 0
TOP OF THE 2ND
Aberdeen Ironbirds batting - Pitching for Staten Island Yankees : RHP Bill Setzer
Batting: RHB Scott Boyd 0-0: Ball
1-0: Called Strike
1-1: Called Strike
1-2: Foul Ball, location: 2F
1-2: Ball
2-2: DOUBLE (Flyball, 89D, EV 108.1 MPH)
Batting: RHB Fernando Bravo 0-0: Fly out, F6 (Line Drive, 6, EV 68.1 MPH)
Batting: RHB Ryan Vest 0-0: Ball
1-0: Called Strike
1-1: Fly out, F8 (Line Drive, 8LM, EV 99.4 MPH)
Batting: SHB Tyler Myatt 0-0: Swinging Strike
0-1: Ball
1-1: Ground out 6-3 (Groundball, 6, EV 103.8 MPH)
Top of the 2nd over - 0 runs, 1 hit, 0 errors, 1 left on base; Aberdeen 0 - Staten Island 0
BOTTOM OF THE 2ND
Staten Island Yankees batting - Pitching for Aberdeen Ironbirds : LHP Luis Perez
Batting: RHB Dale Altman 0-0: Ground out 5-3 (Groundball, 25, EV 79.4 MPH)
Batting: RHB Jose Tovar 0-0: Ball
1-0: Foul Ball, location: 2F
1-1: Ball
2-1: Swinging Strike
2-2: Ball
3-2: Strikes out swinging
Batting: RHB Phil Reeves 0-0: Ground out 4-3 (Groundball, 4, EV 111.9 MPH)
Bottom of the 2nd over - 0 runs, 0 hits, 0 errors, 0 left on base; Aberdeen 0 - Staten Island 0
TOP OF THE 3RD
Aberdeen Ironbirds batting - Pitching for Staten Island Yankees : RHP Bill Setzer
Batting: RHB Ioan Biros 0-0: Called Strike
0-1: Fly out, F6 (Line Drive, 6, EV 61.2 MPH)
Batting: RHB Mario Luna 0-0: Foul Ball, location: 2F
0-1: Ground out 6-3 (Groundball, 6, EV 83.8 MPH)
Batting: LHB Rodolfo Montes 0-0: Called Strike
0-1: Called Strike
0-2: Foul Ball, location: 2F
0-2: Ball
1-2: Strikes out swinging
Top of the 3rd over - 0 runs, 0 hits, 0 errors, 0 left on base; Aberdeen 0 - Staten Island 0
BOTTOM OF THE 3RD
Staten Island Yankees batting - Pitching for Aberdeen Ironbirds : LHP Luis Perez
Batting: RHB Iften Olujimi 0-0: Ball
1-0: Swinging Strike
1-1: Called Strike
1-2: Strikes out swinging, 2-3 out at first.
Batting: RHB Roberto Tena 0-0: Ball
1-0: Ball
2-0: Swinging Strike
2-1: Ball
3-1: Base on Balls
Batting: RHB Jonathan Iniguez 0-0: Called Strike
0-1: Called Strike
0-2: Ball
1-2: Strikes out swinging
Batting: RHB Phil Corliss 0-0: Ball
1-0: Called Strike
1-1: Ball
2-1: Ball
3-1: Ground out 4-3 (Groundball, 4, EV 78.1 MPH)
Bottom of the 3rd over - 0 runs, 0 hits, 0 errors, 1 left on base; Aberdeen 0 - Staten Island 0
TOP OF THE 4TH
Aberdeen Ironbirds batting - Pitching for Staten Island Yankees : RHP Bill Setzer
Batting: LHB Justin Moore 0-0: Ball
1-0: Called Strike
1-1: Fly out, F8 (Flyball, 8LM, EV 95.0 MPH)
Batting: LHB Antonio Cantu 0-0: Ball
1-0: Called Strike
1-1: Swinging Strike
1-2: SINGLE (Line Drive, 7S, EV 95.0 MPH)
Batting: RHB Scott Boyd 0-0: Called Strike
0-1: SINGLE (Groundball, 6D, EV 106.2 MPH)
Antonio Cantu to second
Batting: RHB Fernando Bravo 0-0: Ball
1-0: Ball
2-0: Foul Ball, location: 2F
2-1: Foul Ball, location: 2F
2-2: Ball
3-2: Base on Balls
Antonio Cantu to third
Scott Boyd to second
Batting: RHB Ryan Vest 0-0: Ball
1-0: Foul Ball, location: 2F
1-1: Grounds into fielders choice 1-2 (Groundball, 13S, EV 68.8 MPH)
Scott Boyd to third
Fernando Bravo to second
Batting: SHB Tyler Myatt 0-0: Called Strike
0-1: Called Strike
0-2: Ball
1-2: Ball
2-2: Strikes out looking
Top of the 4th over - 0 runs, 2 hits, 0 errors, 3 left on base; Aberdeen 0 - Staten Island 0
BOTTOM OF THE 4TH
Staten Island Yankees batting - Pitching for Aberdeen Ironbirds : LHP Luis Perez
Batting: RHB Seth Rutz 0-0: Ball
1-0: SINGLE (Groundball, 6MS, EV 89.4 MPH) (infield hit)
Batting: RHB John Sabean 0-0: Ball
1-0: Ball
2-0: Called Strike
2-1: Ball
3-1: Called Strike
3-2: Foul Ball, location: 2F
3-2: Foul Ball, location: 2F
3-2: Base on Balls
Seth Rutz to second
Batting: RHB Dale Altman 0-0: Ball
1-0: Ball
2-0: Foul Ball, location: 2F
2-1: Ball
3-1: Foul Ball, location: 2F
3-2: Foul Ball, location: 2F
3-2: Foul Ball, location: 2F
3-2: Foul Ball, location: 2F
3-2: SINGLE (Groundball, 6MD, EV 103.8 MPH)
Seth Rutz to third
John Sabean to second
Runner from 3rd tries for Home, SAFE, throw by CF to home
Batting: RHB Jose Tovar 0-0: Fielders Choice at 2nd, 6-4 (Groundball, 6, EV 100.0 MPH)
John Sabean to third
Batting: RHB Phil Reeves 0-0: Called Strike
0-1: DOUBLE (Flyball, 78D, EV 92.5 MPH)
John Sabean scores
Jose Tovar to third
Batting: RHB Iften Olujimi 0-0: Ball
1-0: Foul Ball, location: 2F
1-1: Called Strike
1-2: Strikes out swinging
Batting: RHB Roberto Tena 0-0: Foul Ball, location: 2F
0-1: Ball
1-1: Called Strike
1-2: Foul Ball, location: 2F
1-2: Ball
2-2: Ground out 6-3 (Groundball, 6, EV 90.0 MPH)
Bottom of the 4th over - 2 runs, 3 hits, 0 errors, 2 left on base; Aberdeen 0 - Staten Island 2
TOP OF THE 5TH
Aberdeen Ironbirds batting - Pitching for Staten Island Yankees : RHP Bill Setzer
Batting: RHB Ioan Biros 0-0: Called Strike
0-1: TRIPLE (Flyball, 78XD, EV 103.1 MPH)
Batting: RHB Mario Luna 0-0: Ball
1-0: Ball
2-0: Called Strike
2-1: Foul Ball, location: 2F
2-2: 2-RUN HOME RUN (Flyball, 78XD, EV 99.4 MPH), Distance : 406 ft
Batting: LHB Rodolfo Montes 0-0: Ground out 4-3 (Groundball, 4, EV 91.9 MPH)
Batting: LHB Justin Moore 0-0: SINGLE (Line Drive, 34D, EV 95.0 MPH)
Batting: LHB Antonio Cantu 0-0: Called Strike
0-1: Ball
1-1: Foul Ball, location: 2F
1-2: Fielders Choice at 2nd, 4-6 (Groundball, 34, EV 103.8 MPH)
Batting: RHB Scott Boyd 0-0: Called Strike
0-1: Ball
1-1: Ball
2-1: Ball
3-1: Base on Balls
Antonio Cantu to second
Batting: RHB Fernando Bravo 0-0: Foul Ball, location: 2F
0-1: Ball
1-1: Swinging Strike
1-2: Foul Ball, location: 2F
1-2: Foul Ball, location: 2F
1-2: Ball
2-2: Ball
3-2: Foul Ball, location: 2F
3-2: Strikes out swinging
Top of the 5th over - 2 runs, 3 hits, 0 errors, 2 left on base; Aberdeen 2 - Staten Island 2
BOTTOM OF THE 5TH
Staten Island Yankees batting - Pitching for Aberdeen Ironbirds : LHP Luis Perez
Batting: RHB Jonathan Iniguez 0-0: Ball
1-0: Ball
2-0: Called Strike
2-1: Ground out 6-3 (Groundball, 6, EV 95.0 MPH)
Batting: RHB Phil Corliss 0-0: Foul Ball, location: 2F
0-1: Ball
1-1: Foul Ball, location: 2F
1-2: Foul Ball, location: 2F
1-2: Fly out, F8 (Flyball, 8RD, EV 101.9 MPH)
Batting: RHB Seth Rutz 0-0: Fly out, F8 (Flyball, 8LXD, EV 100.0 MPH)
Bottom of the 5th over - 0 runs, 0 hits, 0 errors, 0 left on base; Aberdeen 2 - Staten Island 2
TOP OF THE 6TH
Aberdeen Ironbirds batting - Pitching for Staten Island Yankees : RHP Bill Setzer
Pitching: RHP Ben Cunningham
Batting: RHB Ryan Vest 0-0: Called Strike
0-1: SINGLE (Groundball, 6M, EV 89.4 MPH) (infield hit)
Batting: SHB Tyler Myatt 0-0: Swinging Strike
0-1: Fielders Choice at 2nd, 4-6 (Groundball, 4, EV 91.2 MPH)
Batting: RHB Ioan Biros 0-0: Ball
1-0: Ball
Tyler Myatt steals 2nd base
2-0: Called Strike
2-1: Foul Ball, location: 2F
2-2: Ground out 6-3 (Groundball, 6, EV 98.8 MPH)
Batting: RHB Mario Luna 0-0: Ball
1-0: Ground out 5-3 (Groundball, 56, EV 82.5 MPH)
Top of the 6th over - 0 runs, 1 hit, 0 errors, 1 left on base; Aberdeen 2 - Staten Island 2
BOTTOM OF THE 6TH
Staten Island Yankees batting - Pitching for Aberdeen Ironbirds : LHP Luis Perez
Pitching: LHP Vinny Duarte
Batting: RHB John Sabean 0-0: Ball
1-0: Called Strike
1-1: SINGLE (Groundball, 56D, EV 96.9 MPH)
Batting: RHB Dale Altman 0-0: Ball
1-0: DOUBLE (Line Drive, 8RD, EV 105.6 MPH)
John Sabean to third
Batting: RHB Jose Tovar 0-0: Ball
1-0: Ground out 6-3 (Groundball, 6, EV 86.2 MPH)
Batting: RHB Phil Reeves 0-0: Ball
1-0: Swinging Strike
1-1: Called Strike
1-2: Strikes out swinging
Batting: RHB Iften Olujimi 0-0: Ground out 5-3 (Groundball, 56, EV 79.4 MPH)
Bottom of the 6th over - 0 runs, 2 hits, 0 errors, 2 left on base; Aberdeen 2 - Staten Island 2
TOP OF THE 7TH
Aberdeen Ironbirds batting - Pitching for Staten Island Yankees : RHP Ben Cunningham
Batting: LHB Rodolfo Montes 0-0: Foul Ball, location: 2F
0-1: Fly out, F8 (Flyball, 8LXD, EV 103.1 MPH)
Batting: LHB Justin Moore 0-0: Ball
1-0: Ball
2-0: Called Strike
2-1: Foul Ball, location: 2F
2-2: Ball
3-2: Foul Ball, location: 2F
3-2: Foul Ball, location: 2F
3-2: Base on Balls
Batting: LHB Antonio Cantu 0-0: Ball
1-0: Called Strike
1-1: DOUBLE (Line Drive, 9LM, EV 108.8 MPH)
Justin Moore to third
Batting: RHB Scott Boyd 0-0: Swinging Strike
0-1: Ground out 5-3 (Groundball, 5, EV 84.4 MPH)
Pitching: RHP Jon Campbell
Batting: RHB Fernando Bravo 0-0: Ball
1-0: Ball
2-0: Ground out 4-3 (Groundball, 4, EV 89.4 MPH)
Top of the 7th over - 0 runs, 1 hit, 0 errors, 2 left on base; Aberdeen 2 - Staten Island 2
BOTTOM OF THE 7TH
Staten Island Yankees batting - Pitching for Aberdeen Ironbirds : LHP Vinny Duarte
Pitching: LHP Chris Brown
Batting: RHB Roberto Tena 0-0: Ground out 6-3 (Groundball, 6, EV 101.9 MPH)
Batting: RHB Jonathan Iniguez 0-0: Ball
1-0: Foul Ball, location: 2F
1-1: Foul Ball, location: 2F
1-2: Strikes out swinging
Batting: RHB Phil Corliss 0-0: Called Strike
0-1: Swinging Strike
0-2: Strikes out looking
Bottom of the 7th over - 0 runs, 0 hits, 0 errors, 0 left on base; Aberdeen 2 - Staten Island 2
TOP OF THE 8TH
Aberdeen Ironbirds batting - Pitching for Staten Island Yankees : RHP Jon Campbell
Pitching: RHP Angel Gutierres
Batting: RHB Ryan Vest 0-0: Ball
1-0: Reached via error on a dropped throw from 1B, E1 (Groundball, 34, EV 107.5 MPH)
Batting: SHB Tyler Myatt 0-0: Sac Bunt to 2R - play at first, batter OUT! 2-4
Ryan Vest to second
Batting: RHB Ioan Biros 0-0: SINGLE (Groundball, 6D, EV 101.9 MPH)
Ryan Vest to third
Runner from 3rd tries for Home, throw by CF and OUT! 8-2
Ioan Biros to second
Batting: RHB Mario Luna 0-0: Ball
1-0: Ball
2-0: Called Strike
2-1: Called Strike
2-2: Foul Ball, location: 2F
2-2: Ball
3-2: Strikes out swinging
Top of the 8th over - 0 runs, 1 hit, 1 error, 1 left on base; Aberdeen 2 - Staten Island 2
BOTTOM OF THE 8TH
Staten Island Yankees batting - Pitching for Aberdeen Ironbirds : LHP Chris Brown
Batting: RHB Seth Rutz 0-0: Foul Ball, location: 2F
0-1: SINGLE (Line Drive, 34, EV 96.2 MPH)
Batting: RHB John Sabean 0-0: SINGLE (Groundball, 56S, EV 75.6 MPH) (infield hit)
Seth Rutz to second
Batting: RHB Dale Altman 0-0: Called Strike
0-1: SINGLE (Line Drive, 34D, EV 99.4 MPH)
Seth Rutz to third
John Sabean to second
Batting: RHB Jose Tovar 0-0: Called Strike
0-1: Foul Ball, location: 2F
0-2: Strikes out swinging
Batting: RHB Phil Reeves 0-0: Called Strike
0-1: Ball
1-1: Swinging Strike
1-2: Foul Ball, location: 2F
1-2: Ball
2-2: Ball
3-2: Foul Ball, location: 2F
3-2: TRIPLE (Flyball, 78XD, EV 88.1 MPH)
Seth Rutz scores
John Sabean scores
Dale Altman scores
Batting: RHB Iften Olujimi 0-0: Intentional Walk
Pitching: RHP Brian Tarver
Batting: RHB Roberto Tena 0-0: Ball
1-0: Called Strike
1-1: Swinging Strike
1-2: Ball
2-2: Ball
3-2: Strikes out swinging
Batting: RHB Jonathan Iniguez 0-0: Ball
1-0: Ball
2-0: Foul Ball, location: 2F
2-1: Swinging Strike
2-2: Strikes out swinging
Bottom of the 8th over - 3 runs, 4 hits, 0 errors, 2 left on base; Aberdeen 2 - Staten Island 5
TOP OF THE 9TH
Aberdeen Ironbirds batting - Pitching for Staten Island Yankees : RHP Angel Gutierres
Pitching: RHP Ryan Walker
Now in LF: John Sprenkel
Batting: LHB Rodolfo Montes 0-0: Foul Ball, location: 2F
0-1: Ball
1-1: Ball
2-1: DOUBLE (Flyball, 7LD, EV 106.2 MPH)
Batting: LHB Justin Moore 0-0: SINGLE (Line Drive, 9S, EV 98.8 MPH)
Rodolfo Montes to third
Batting: LHB Antonio Cantu 0-0: Called Strike
0-1: Foul Ball, location: 2F
0-2: Strikes out swinging
Batting: RHB Scott Boyd 0-0: Swinging Strike
0-1: Foul Ball, location: 2F
0-2: Ball
1-2: Ball
2-2: Foul Ball, location: 2F
2-2: Ball
3-2: Strikes out swinging
Batting: RHB Fernando Bravo 0-0: Hit by Pitch
Justin Moore to second
Batting: RHB Ryan Vest 0-0: Ball
1-0: Foul Ball, location: 2F
1-1: Foul Ball, location: 2F
1-2: Ground out 4-3 (Groundball, 4, EV 104.4 MPH)
Top of the 9th over - 0 runs, 2 hits, 0 errors, 3 left on base; Aberdeen 2 - Staten Island 5
Wednesday, June 22nd , 2022 - OOTP Baseball 23.4 Build 64